 Dungeon Crawl Stone Soup version 0.25.0-11-g1f837a7 (webtiles) character file.

Game seed: 6951896640138769604

62321 XxsatanxX the Severer (level 15, -3/141 HPs)
             Began as a Hill Orc Berserker on June 27, 2020.
             Was a High Priest of Trog.
             Killed by divine providence
             ... invoked by a smoke demon
             ... summoned by an orc sorcerer
              (16 damage)
             ... on level 2 of the Orcish Mines.
             The game lasted 00:41:31 (27352 turns).

XxsatanxX the Severer (Hill Orc Berserker)         Turns: 27352, Time: 00:41:32

Health: -3/141     AC: 33    Str: 22    XL:     15   Next: 5%
Magic:  15/15      EV: 11    Int:  7    God:    Trog [*****.]
Gold:   1721       SH: 12    Dex: 15    Spells: 14/14 levels left

rFire    . . .     SeeInvis .   B - +3 broad axe (vorpal)
rCold    . . .     Gourm    .   N - +2 buckler
rNeg     . . .     Faith    .   g - +5 plate armour
rPois    .         Spirit   .   z - +0 helmet
rElec    .         Reflect  +   q - +2 cloak {MR+}
rCorr    +         Harm     .   t - +0 pair of gloves
MR       ++++.                  S - +0 pair of boots
Stlth    ..........             D - amulet of reflection
HPRegen  1.33/turn              i - ring of resist corrosion
MPRegen  0.14/turn              J - +4 ring of protection

@: berserk cooldown, very slightly contaminated, starving, regenerating, slowed,
very slow
A: no striking features
a: Berserk, Trog's Hand, Brothers in Arms, Renounce Religion


You were on level 2 of the Orcish Mines.
You worshipped Trog.
Trog was extremely pleased with you.
You were starving.

You visited 4 branches of the dungeon, and saw 22 of its levels.

You collected 1982 gold pieces.
You spent 261 gold pieces at shops.

Inventory:

Hand Weapons
 B - a +3 vorpal broad axe (weapon)
 F - a cursed +4 battleaxe
 K - a +1 scimitar of flaming
Missiles
 d - 3 throwing nets
 l - 6 datura-tipped darts (quivered)
Armour
 g - a +5 plate armour (worn)
 q - a +2 cloak of magic resistance (worn)
 t - a +0 pair of gloves (worn)
 z - a +0 helmet (worn)
 N - a +2 buckler (worn)
 S - a +0 pair of boots (worn)
Jewellery
 i - a ring of resist corrosion (left hand)
 D - an amulet of reflection (around neck)
 I - an uncursed amulet of the acrobat
 J - a +4 ring of protection (right hand)
 L - an uncursed ring of flight
 W - an uncursed ring of see invisible
 X - the amulet "Jitoch" {Spirit rN+ MR+ Int+3}
   (You found it on level 6 of the Lair of Beasts)

   [amulet of guardian spirit]

   It causes incoming damage to be split between your health and magic.
   It affects your intelligence (+3).
   It protects you from negative energy.
   It affects your resistance to hostile enchantments.
 Y - an uncursed ring of protection from fire
 Z - a cursed -4 ring of protection
Wands
 a - a wand of clouds (6)
 r - a wand of polymorph (25)
 x - a wand of paralysis (8)
 A - a wand of iceblast (62)
 M - a wand of flame (16)
 U - a wand of acid (5)
Scrolls
 b - 3 scrolls of silence
 e - 2 scrolls of noise
 h - 8 scrolls of teleportation
 k - 4 scrolls of fear
 s - 12 scrolls of remove curse
 v - 2 scrolls of blinking
 y - 6 scrolls of enchant weapon
 E - 3 scrolls of magic mapping
 G - 5 scrolls of fog
Potions
 f - 4 potions of haste
 m - 9 potions of flight
 o - 8 potions of curing
 p - 3 potions of lignification {unknown}
 u - 3 potions of invisibility {unknown}
 w - 4 potions of brilliance {unknown}
 C - 6 potions of might
 H - 2 potions of magic {unknown}
 O - 4 potions of stabbing {unknown}
 P - 4 potions of resistance {unknown}
 Q - a potion of cancellation {unknown}
 R - a potion of degeneration {unknown}
Miscellaneous
 j - a tin of tremorstones (3/3)
Comestibles
 c - 40 rations
 n - 10 chunks of flesh


   Skills:
 + Level 15.2 Fighting
 * Level 20.5 Axes
 + Level 13.4 Armour
 - Level 6.6 Dodging
 - Level 4.0 Shields


You had 14 spell levels left.
You didn't know any spells.
Your spell library was empty.

Dungeon Overview and Level Annotations

Branches:
Dungeon (13/15)            Temple (1/1) D:5            Lair (6/6) D:8
 Shoals (0/4) Lair:2       Spider (0/4) Lair:4        Slime (0/5) Lair:6
    Orc (2/2) D:12
    Elf: Orc:2       Vaults: D:13-14

Altars:
Cheibriados
Gozag
Hepliaklqana
Kikubaaqudgha
Nemelex Xobeh
Okawaru
Sif Muna
Beogh
Jiyva

Shops:
D:11 =   D:12 *   Orc:1 *   Orc:2 :

Annotations:
Lair:4 Snack's ghost, journeyman VSAr
Orc:2 Jorgrun


Message History

Deactivating autopickup; reactivate with Ctrl-A.
The orc high priest mumbles some strange prayers to Beogh against you.
Beogh smites you!
* * * LOW HITPOINT WARNING * * *
The orc high priest shouts, "Beogh is our master!
Accept the truth or die!"
You hear a shout!
Okay, then.
Blink to where?
Press: ? - help, Dir - move target cursor You are very lightly contaminated with residual magic.
As you read the scroll of blinking, it crumbles to dust.
You are covered in liquid flames!
* * * LOW HITPOINT WARNING * * *
The orc warlord roars a battlecry!
The orcs go into a battle-frenzy!
Something hits your troll.
The orc warlord roars a battlecry!
The smoke demon gestures at you. Something smites you!
You die...

# ## #...##............3.... ##
##.............ooo{..... .##
##....†........oo†)$..... ..#
###..............oT§)......
..####....##.....#.....3)g......
...##......#....$.......)...$...
....##.....#.........)).........
..................).............
.....##..#.#....@)..............
......######.....#..............
.....## ##...................
.#.### ##......#.......... ####
##.##.#.......... ## ##
...#........ .# .##.... ## ## ..


You could see an orc warlord, a smoke demon (summoned), an orc sorcerer
(strong), an orc wizard (strong), an orc (strong) and a friendly troll
(summoned, berserk).

Vanquished Creatures
  An orc warlord (Orc:1)
  The ghost of pmoppi the Zephyrmancer, a journeyman TeAE of Vehumet (Lair:6)
  A dire elephant (Lair:6)
  An ettin (Orc:2)
  The ghost of Upoojaf the Blocker, a journeyman GnFi of Cheibriados (Lair:2)
  The ghost of Necrotucker the Fighter, a journeyman MiFi of Nemelex Xobeh (D:12)
  The ghost of Cusyqore the Cleaver, a journeyman DsCK of Xom (D:12)
  A centaur warrior (D:13)
  5 hydras
  A catoblepas (Lair:6)
  Erica (D:9)
  2 death yaks (Lair:4)
  2 two-headed ogres
  3 sea snakes (Lair:6)
  Pikel (D:8)
  A harpy (Lair:6)
  A cyclops (D:12)
  2 manticores
  An oklob plant (Lair:5)
  4 orc sorcerers
  6 black mambas
  An elephant (Lair:6)
  16 spiny frogs
  A torpor snail (Lair:6)
  5 rime drakes
  14 komodo dragons
  2 jumping spiders (Lair:4)
  5 trolls
  2 hornets (Lair:6)
  6 polar bears
  Prince Ribbit (D:8)
  7 blink frogs (Lair:4)
  4 slime creatures (D:12)
  18 hippogriffs
  A shadow (D:12)
  A vampire (D:11)
  A wyvern (D:12)
  4 fire bats (Lair:3)
  2 humans (D:12)
  35 yaks
  A basilisk (Lair:5)
  5 wargs
  2 hungry ghosts (D:12)
  A soldier ant (D:12)
  12 water moccasins
  7 porcupines
  15 orc warriors
  3 black bears
  3 ice beasts
  3 sky beasts
  A necrophage (D:7)
  2 phantoms
  28 wolves
  8 ogres
  16 crocodiles
  9 centaurs
  15 bullfrogs
  2 scorpions
  14 killer bees
  3 wights (D:7)
  4 howler monkeys
  6 crimson imps
  A quasit (D:12)
  2 jellies
  4 centaur zombies
  4 hounds
  2 bullfrog skeletons
  18 orc priests
  A centaur skeleton (D:11)
  An iron imp (D:6)
  Ijyb (D:5)
  3 iguanas
  11 orc wizards
  6 worker ants
  6 ogre zombies (D:12)
  A hound skeleton (D:7)
  A gnoll (D:7)
  15 adders
  3 shadow imps
  4 oozes
  An adder skeleton (D:6)
  A worm (D:2)
  4 dart slugs
  3 leopard geckos
  53 orcs
  A ball python (D:2)
  4 giant cockroaches
  13 goblins
  5 hobgoblins
  14 jackals
  6 kobolds
  2 quokkas
  A ball python zombie (D:5)
  6 bats
  4 frilled lizards
  A goblin skeleton (D:12)
  A goblin zombie (D:12)
  3 hobgoblin skeletons (D:12)
  2 hobgoblin zombies (D:12)
  3 orc skeletons (D:12)
  9 orc zombies (D:12)
  A quokka zombie (D:7)
  13 rats
  3 bushes (Lair:4)
  A butterfly (Lair:2)
  3 plants
566 creatures vanquished.

Vanquished Creatures (collateral kills)
  A merfolk avatar (Lair:6)
  A hornet (Lair:1)
  A spriggan (Lair:1)
  A basilisk (Lair:1)
  2 wolves (Lair:1)
6 creatures vanquished.

Vanquished Creatures (others)
  A manticore (Lair:6)
  A spiny frog (Lair:6)
  A blink frog (Lair:6)
  A dream sheep (Lair:6)
  A crocodile (Lair:6)
  3 ball lightnings (Lair:6)
  21 fungi
  27 plants
56 creatures vanquished.

Grand Total: 628 creatures vanquished

Notes
Turn   | Place    | Note
-------+----------+-------------------------------------------
     0 | D:1      | XxsatanxX the Hill Orc Berserker began the quest for the
                  | Orb.
     0 | D:1      | Reached XP level 1. HP: 19/19 MP: 1/1
   265 | D:1      | Reached XP level 2. HP: 27/27 MP: 2/2
   517 | D:1      | Reached XP level 3. HP: 33/33 MP: 3/3
   956 | D:1      | Reached ** piety under Trog
  1109 | D:2      | Reached XP level 4. HP: 20/41 MP: 4/4
  1994 | D:3      | Found a sparkling altar of Nemelex Xobeh.
  2114 | D:3      | Reached skill level 5 in Fighting
  2388 | D:3      | Reached XP level 5. HP: 48/48 MP: 5/5
  2947 | D:4      | Noticed an ogre
  2954 | D:4      | Killed an ogre
  2954 | D:4      | Reached skill level 5 in Axes
  3017 | D:4      | Reached XP level 6. HP: 41/57 MP: 6/6
  3979 | D:4      | Found a shimmering blue altar of Sif Muna.
  4025 | D:5      | Entered Level 5 of the Dungeon
  4026 | D:5      | Noticed Ijyb
  4042 | D:5      | Killed Ijyb
  4051 | D:5      | Reached XP level 7. HP: 29/64 MP: 7/7
  4192 | D:5      | Found a staircase to the Ecumenical Temple.
  4214 | Temple   | Entered the Ecumenical Temple
  4627 | D:5      | Reached skill level 6 in Axes
  4676 | D:5      | Reached *** piety under Trog
  4752 | D:5      | Found an opulent altar of Gozag.
  4823 | D:5      | Found a hazy altar of Hepliaklqana.
  5412 | D:6      | Reached XP level 8. HP: 42/73 MP: 8/8
  5746 | D:6      | Noticed a hippogriff
  5768 | D:6      | Killed a hippogriff
  5768 | D:6      | Reached skill level 7 in Axes
  5768 | D:6      | Reached skill level 5 in Armour
  6342 | D:6      | Reached skill level 8 in Axes
  6657 | D:6      | Found a snail-covered altar of Cheibriados.
  6772 | D:7      | Reached XP level 9. HP: 82/82 MP: 9/9
  6856 | D:7      | Reached skill level 9 in Axes
  7788 | D:7      | Reached skill level 10 in Axes
  7788 | D:7      | Reached skill level 5 in Dodging
  8132 | D:7      | Found an opulent altar of Gozag.
  8712 | D:8      | Reached **** piety under Trog
  9022 | D:8      | Reached XP level 10. HP: 91/91 MP: 10/10
  9043 | D:8      | HP: 1/91 [orc priest/divine providence (16)]
  9073 | D:8      | Found a sparkling altar of Nemelex Xobeh.
  9073 | D:8      | Found a shimmering blue altar of Sif Muna.
  9111 | D:8      | Reached skill level 11 in Axes
  9521 | D:8      | You fall into a shaft and drop 3 floors!
  9521 | D:11     | Found Ocysmef's Jewellery Emporium.
  9630 | D:10     | Entered Level 10 of the Dungeon
 10098 | D:8      | Found a staircase to the Lair.
 10119 | D:8      | Noticed Prince Ribbit
 10169 | D:8      | Noticed Pikel
 10185 | D:8      | Killed Pikel
 10185 | D:8      | Reached skill level 10 in Fighting
 10185 | D:8      | Reached skill level 12 in Axes
 10202 | D:8      | Killed Prince Ribbit
 11153 | D:9      | Found an ancient bone altar of Kikubaaqudgha.
 11388 | D:9      | Reached XP level 11. HP: 48/101 MP: 11/11
 11681 | D:9      | Reached skill level 13 in Axes
 11787 | D:9      | Noticed Erica
 11806 | D:9      | Killed Erica
 12400 | Lair:1   | Entered Level 1 of the Lair of Beasts
 12573 | Lair:1   | Reached ***** piety under Trog
 12582 | Lair:1   | Reached skill level 14 in Axes
 12584 | Lair:1   | Noticed a spriggan rider
 14145 | Lair:2   | Reached XP level 12. HP: 76/111 MP: 12/12
 14340 | Lair:2   | Reached skill level 15 in Axes
 14348 | Lair:2   | Reached skill level 10 in Armour
 14669 | Lair:2   | Found a staircase to the Shoals.
 14915 | Lair:2   | Found a runed translucent gate.
 14915 | Lair:2   | Found a runed translucent gate.
 14915 | Lair:2   | Found a runed translucent gate.
 14976 | Lair:2   | Noticed Upoojaf's ghost (journeyman GnFi)
 15738 | Lair:3   | Reached skill level 1 in Shields
 17082 | Lair:4   | Noticed a death yak
 17089 | Lair:4   | Noticed a death yak
 17100 | Lair:4   | Killed a death yak
 17100 | Lair:4   | Reached skill level 16 in Axes
 17122 | Lair:4   | Killed a death yak
 17691 | Lair:4   | Noticed an eight-headed hydra
 17700 | Lair:4   | Killed a four-headed hydra
 17813 | Lair:4   | Reached XP level 13. HP: 90/119 MP: 13/13
 17974 | Lair:4   | Found a hole to the Spider Nest.
 18153 | Lair:4   | Reached skill level 17 in Axes
 18297 | Lair:4   | Found a runed translucent gate.
 18297 | Lair:4   | Found a runed translucent gate.
 18297 | Lair:4   | Found a runed translucent gate.
 18302 | Lair:4   | Noticed Snack's ghost (journeyman VSAr)
 20011 | Lair:6   | Entered Level 6 of the Lair of Beasts
 20354 | Lair:6   | Reached skill level 18 in Axes
 21135 | Lair:6   | Reached XP level 14. HP: 101/132 MP: 14/14
 21484 | Lair:6   | Found a transporter.
 21491 | Lair:6   | Noticed pmoppi's ghost (journeyman TeAE)
 21492 | Lair:6   | Noticed a dire elephant
 21596 | Lair:6   | Found a viscous altar of Jiyva.
 21596 | Lair:6   | Found a staircase to the Slime Pits.
 21640 | Lair:6   | Reached skill level 19 in Axes
 22104 | Lair:6   | Found a transporter.
 23257 | Lair:6   | Killed a dire elephant
 23479 | Lair:6   | Killed pmoppi's ghost
 23489 | Lair:6   | Got a shimmering steel amulet
 23511 | Lair:6   | Identified the amulet "Jitoch" {Spirit rN+ MR+ Int+3} (You
                  | found it on level 6 of the Lair of Beasts)
 23996 | Lair:2   | Killed Upoojaf's ghost
 24611 | D:11     | Found a sparkling altar of Nemelex Xobeh.
 24874 | D:11     | You fall into a shaft and drop 2 floors!
 25360 | D:12     | Found an iron altar of Okawaru.
 25521 | D:12     | Found a runed translucent gate.
 25521 | D:12     | Found a runed translucent gate.
 25521 | D:12     | Found a runed translucent gate.
 25526 | D:12     | Noticed Necrotucker's ghost (journeyman MiFi)
 25526 | D:12     | Noticed Cusyqore's ghost (journeyman DsCK)
 25577 | D:12     | Killed Necrotucker's ghost
 25599 | D:12     | Killed Cusyqore's ghost
 25662 | D:12     | Found a staircase to the Orcish Mines.
 25801 | D:12     | Reached skill level 20 in Axes
 25985 | D:12     | Found Mopnocot's Changing Room.
 26268 | Orc:1    | Entered Level 1 of the Orcish Mines
 26283 | Orc:1    | Noticed an orc warlord
 26311 | Orc:1    | Killed an orc warlord
 26311 | Orc:1    | Reached skill level 15 in Fighting
 26757 | Orc:1    | Found a roughly hewn altar of Beogh.
 26759 | Orc:1    | Found Soolu's Assorted Antiques.
 26803 | Orc:1    | Received a gift from Trog
 26835 | Orc:1    | Bought a scroll of identify for 58 gold pieces
 26835 | Orc:1    | Bought a potion of curing for 87 gold pieces
 26835 | Orc:1    | Bought a scroll of identify for 58 gold pieces
 27029 | Orc:1    | Bought a scroll of identify for 58 gold pieces
 27077 | Orc:2    | Entered Level 2 of the Orcish Mines
 27077 | Orc:2    | Found Kanniul's Book Shop.
 27183 | Orc:2    | Reached XP level 15. HP: 131/141 MP: 15/15
 27327 | Orc:2    | Noticed Jorgrun
 27339 | Orc:2    | Noticed an orc warlord
 27352 | Orc:2    | Killed from afar by a smoke demon

Illustrated notes

Levels and vault maps discovered:
D:1:      dpeg_arrival_rooms_a, layout_basic, minmay_rat_gold_closets
D:2:      layout_rooms, minivault_5
D:3:      layout_basic, chequers_decorated_corner, nemelex_lonely_heart_becter
D:4:      layout_basic, lemuel_blue_sif_altar
D:5:      layout_basic, lemuel_crystal_altar, lemuel_round_altar,
          minmay_temple_entry_hall, first_ration, minivault_27, uniq_ijyb
D:6:      layout_basic, slow_altar_2, kennysheep_generic_room_3
D:7:      minmay_spotlight, layout_basic, grunt_ogre_cave,
          hangedman_abyss_or_decor_stagger, grunt_ministairs_6,
          grunt_gozag_statues
D:8:      layout_loops_ring, gammafunk_temple_overflow_pools, lair_entry_dummy,
          uniq_prince_ribbit1, uniq_pikel
D:9:      layout_roguey, kiku_gazebo_garden_becter, uniq_erica
D:10:     layout_basic
D:11:     layout_irregular_city, serial_shops, nicolae_shop_stone,
          gauntlet_entry_generic, nemelex_diamond_rough_becter
D:12:     layout_cave_pools, zombieorc1_lemuel, gammafunk_ghost_cemetery,
          nicolae_transmutations_shop, okawaru_humans
D:13:     layout_roguey, minivault_10, uniq_maurice
Temple:   regret_index_temple_sphere_string
Lair:1:   layout_concentric_octagons, grunt_forest_large_clearings
Lair:2:   layout_layer_cave, minmay_shoals_entry_beasts,
          ebering_ghost_rock_garden, lemuel_fruit_fields, serial_bayou_shore_b,
          grunt_megastairs_2, serial_bayou_shore_b
Lair:3:   layout_gridlike
Lair:4:   layout_small_grid, spider_nest_entry_a, gammafunk_ghost_hydra_chop,
          minmay_hedge_maze, beast_lair_carwin_5, infiniplex_staircase_pool_2
Lair:5:   layout_small_grid, minmay_lair_oklob_items, grunt_megastairs_4
Lair:6:   gammafunk_lair_ancient_temple, layout_regular_city, slime_altar_1,
          gammafunk_ghost_arena
Orc:1:    layout_diamond_mine, basic_altar, serial_shops, shop
Orc:2:    st_orc_congregation, layout_diamond_mine, serial_shops, shop,
          uniq_jorgrun

Skill      XL: |  1  2  3  4  5  6  7  8  9 10 11 12 13 14 |
---------------+-------------------------------------------+-----
Fighting       | 4 5 6 7 8 9 10 11 12 14 15 | 15.2
Dodging        | 2 3 4 5 6 |  6.6
Armour         | 3 4 5 7 8 9 10 12 13 | 13.4
Axes           | 5 6 8 10 12 14 16 18 20 | 20.5
Shields        | 4 |  4.0

Action                   |  1- 3 |  4- 6 |  7- 9 | 10-12 | 13-15 || total
-------------------------+-------+-------+-------+-------+-------++-------
Melee: Hand axe          |   150 |   197 |   533 |   550 |       ||  1430
       War axe           |       |       |       |   401 |  1227 ||  1628
       Scimitar          |       |       |       |    22 |    29 ||    51
       Broad axe         |       |       |       |       |    89 ||    89
Throw: Dart              |       |       |       |     2 |       ||     2
Invok: Berserk           |     1 |     1 |     6 |     7 |     8 ||    23
       Trog's Hand       |       |     1 |     3 |     6 |    11 ||    21
       Brothers in Arms  |       |       |       |     2 |     5 ||     7
  Use: Scroll            |       |       |    10 |    10 |    12 ||    32
       Potion            |       |       |     1 |     5 |     5 ||    11
 Stab: Petrified         |       |       |       |       |     1 ||     1
  Eat: Chunk             |     2 |     9 |    17 |    27 |    25 ||    80
       Ration            |       |       |     2 |     3 |     6 ||    11
Armor: Animal skin       |     5 |       |       |       |       ||     5
       Ring mail         |    29 |       |       |       |       ||    29
       Plate armour      |    37 |   151 |   379 |   504 |   657 ||  1728
Dodge: Dodged            |    71 |    78 |   220 |   332 |   377 ||  1078
Block: Other             |       |       |    78 |   111 |       ||   189
       Reflection        |       |       |     4 |     9 |    15 ||    28
       Buckler           |       |       |       |   215 |   601 ||   816
       Rpst.: Scimitar   |       |       |       |     7 |     3 ||    10
